 Dungeon Crawl Stone Soup version 0.31-a0-187-gba352fbbf7 (webtiles) character file.

Game seed: 4473291867084197721

68 qw the Shooter (level 4, 0/25 HPs)
             Began as a Deep Elf Hunter on June 22, 2023.
             Slain by Sigmund
             ... wielding a +0 scythe
              (5 damage)
             ... on level 2 of the Dungeon.
             The game lasted 00:00:29 (1207 turns).

qw the Shooter (Deep Elf Hunter)                    Turns: 1207, Time: 00:00:30

Health: 0/25       AC:  5    Str: 10    XL:     4   Next: 1%
Magic:  6/6        EV: 11    Int: 14    God:
Gold:   72         SH:  0    Dex: 18    Spells: 3/3 levels left

rFire   . . .        Y - +0 shortbow
rCold   . . .        (shield currently unavailable)
rNeg    . . .        e - +0 ring mail
rPois   .            (no helmet)
rElec   .            (no cloak)
rCorr   .            (no gloves)
SInv    .            (no boots)
Will    .....        (no amulet)
Stlth   +            (no ring)
HPRegen 0.24/turn    (no ring)
MPRegen 0.10/turn

%: no passive effects
@: no status effects
A: no striking features
a: no special abilities


You were on level 2 of the Dungeon.
You visited 1 branch of the dungeon, and saw 2 of its levels.

You collected 72 gold pieces.


   Skills:
 - Level 1.5 Fighting
 + Level 7.4 Ranged Weapons
 - Level 2.4 Dodging
 - Level 1.2 Stealth


You had 3 spell levels left.
You didn't know any spells.
Your spell library was empty.

Inventory:

Hand Weapons
 Y - a +0 shortbow (weapon)
Armour
 e - a +0 ring mail (worn)
Jewellery
 a - a ring of flight
Potions
 d - a potion of attraction {unknown}
 f - a potion of resistance {unknown}
 h - a potion of brilliance {unknown}

Dungeon Overview and Level Annotations

Branches:
Dungeon (2/15)

Altars:

Annotations:
D:2 Sigmund


Message History

Sigmund closely misses you.
You shoot an arrow.
The arrow hits Sigmund but does no damage.
Sigmund is lightly wounded.
Sigmund gestures at you while chanting. You resist with some effort.
You shoot an arrow. The arrow hits Sigmund.
Sigmund is moderately wounded.
Sigmund hits you but does no damage.
You shoot an arrow. The arrow completely misses Sigmund.
You shoot an arrow. The arrow closely misses Sigmund.
Sigmund hits you from afar with a +0 scythe.
You shoot an arrow. The arrow hits Sigmund!
Sigmund is heavily wounded.
Sigmund hits you from afar with a +0 scythe.
You shoot an arrow. The arrow closely misses Sigmund.
Sigmund drinks a potion.
Sigmund is healed!
You shoot an arrow. The arrow hits Sigmund.
Sigmund is moderately wounded.
Sigmund closely misses you.
You shoot an arrow. The arrow barely misses Sigmund.
Sigmund closely misses you.
You shoot an arrow.
The arrow hits Sigmund but does no damage.
Sigmund is moderately wounded.
Sigmund closely misses you.
You shoot an arrow.
The arrow hits Sigmund but does no damage.
Sigmund is moderately wounded.
Sigmund says, "Don't worry, I'll kill you fast."
Sigmund hits you from afar with a +0 scythe.
You shoot an arrow.
The arrow hits Sigmund but does no damage.
Sigmund is moderately wounded.
You shoot an arrow. The arrow closely misses Sigmund.
Sigmund hits you but does no damage.
You shoot an arrow. The arrow hits Sigmund.
Sigmund is heavily wounded.
Sigmund hits you from afar with a +0 scythe.
You die...

####.# #.# #..#
#....# #...
#.#### ##.# #.#
#.# #.# #.# ##
#.# #.# . ..
#.# #.#
....#@#.####...
#.#
#....@%......
#.#
##########...


You could see Sigmund.

Vanquished Creatures
  An adder (D:2)
  A worm (D:2)
  2 dart slugs
  3 ball pythons
  4 bats
  7 endoplasms
  5 goblins
  6 hobgoblins
  6 jackals (D:2)
  A quokka (D:1)
  3 frilled lizards
  4 kobolds
  2 rats
45 creatures vanquished.

Notes
Turn   | Place    | Note
-------+----------+-------------------------------------------
     0 | D:1      | qw the Deep Elf Hunter began the quest for the Orb.
     0 | D:1      | Reached XP level 1. HP: 12/12 MP: 3/3
     0 | D:1      | 0 ||| qw: Version: 0.3-a-9-g12657ce
     0 | D:1      | 0 ||| qw: Game counter: 2605
     0 | D:1      | 0 ||| qw: Always use a shield: true
     0 | D:1      | 0 ||| qw: God list: Okawaru
     0 | D:1      | 0 ||| qw: Allow faded altars: false
     0 | D:1      | 0 ||| qw: Do Orc after D:15 true
     0 | D:1      | 0 ||| qw: Do second Lair branch before Depths: true
     0 | D:1      | 0 ||| qw: Lair rune preference: random
     0 | D:1      | 0 ||| qw: Plans: Normal
     0 | D:1      | 0 ||| PLANNING D:1-11
   185 | D:1      | Reached skill level 6 in Ranged Weapons
   185 | D:1      | Reached XP level 2. HP: 16/16 MP: 4/4
   584 | D:1      | Reached XP level 3. HP: 20/20 MP: 5/5
   880 | D:1      | 880 ||| UPGRADING to +0 ring mail.
   890 | D:1      | 890 ||| DROPPING +0 leather armour.
   891 | D:1      | 891 ||| READING scroll labelled OCIDITHRO TONE.
   892 | D:1      | 892 ||| READING scroll labelled QAMAGO RAHEO.
   893 | D:1      | 893 ||| READING scroll labelled UKAL GEOLO NAM.
   894 | D:1      | 894 ||| DROPPING scroll of butterflies.
   926 | D:2      | 926 ||| FLEEEEING.
   984 | D:2      | Reached skill level 7 in Ranged Weapons
  1183 | D:2      | Noticed Sigmund
  1194 | D:2      | Reached XP level 4. HP: 10/25 MP: 6/6
  1198 | D:2      | HP: 6/25 [Sigmund/+0 scythe (5)]
  1204 | D:2      | HP: 4/25 [Sigmund/+0 scythe (3)]
  1207 | D:2      | Slain by Sigmund

Levels and vault maps discovered:
D:1:      tarquinn_simple_flora_water_f, layout_basic
D:2:      layout_loops_ring, st_stairs_9, uniq_sigmund

Skill      XL: |  1  2  3 |
---------------+----------+-----
Ranged Weapons | 6 7 |  7.4
Fighting       | |  1.5
Dodging        | |  2.4
Stealth        | |  1.2

Action                     |  1- 3 |  4- 6 || total
---------------------------+-------+-------++-------
   Fire: Shortbow          |   113 |    14 ||   127
    Use: Scroll            |     3 |       ||     3
 Armour: Leather armour    |     3 |       ||     3
         Ring mail         |     7 |     2 ||     9
  Dodge: Dodged            |    37 |     4 ||    41

Table legend:
 A = Non-vault XP
 B = Vault XP
 C = Vault XP percentage of total XP
 D = Non-vault monster count
 E = Vault monster count
 F = Vault count percentage of total count
                 A         B        C        D         E       F
            +---------+---------+-------+---------+---------+-------
      Total |      92 |       6 |   6.1 |      42 |       3 |   6.7
            +---------+---------+-------+---------+---------+-------
        D:1 |      43 |       0 |   0.0 |      24 |       0 |   0.0
        D:2 |      49 |       6 |  10.9 |      18 |       3 |  14.3
            +---------+---------+-------+---------+---------+-------
